 Dungeon Crawl Stone Soup version 0.28-a0-1429-gf3d713df7a (webtiles) character file.

Game seed: 17260077412737565145

547 oldriver the Digger (level 6, -3/51 HPs)
             Began as a Demigod Earth Elementalist on Jan 8, 2022.
             Slain by a black bear (4 damage)
             ... on level 4 of the Dungeon.
             The game lasted 00:07:09 (4782 turns).

oldriver the Digger (Demigod Earth Elementalist)    Turns: 4782, Time: 00:07:10

Health: -3/51      AC:  5    Str: 13    XL:     6   Next: 78%
Magic:  14/14      EV: 12    Int: 21    God:
Gold:   199        SH:  0    Dex: 14    Spells: 6/12 levels left

rFire   . . .      SeeInvis .   a - +0 club (elec)
rCold   . . .      Faith    .   (no shield)
rNeg    . . .      Spirit   .   b - +0 robe
rPois   .          Reflect  .   e - +2 hat
rElec   .          Harm     .   (no cloak)
rCorr   .          Rampage  .   (no gloves)
Will    .....                   f - +0 pair of boots
Stlth   ++........              (no amulet)
HPRegen 0.17/turn               (no ring)
MPRegen 0.14/turn               (no ring)

@: flying
A: high mp 1, forlorn, divine attributes
a: no special abilities


You were on level 4 of the Dungeon.
You visited 1 branch of the dungeon, and saw 5 of its levels.

You collected 199 gold pieces.

Inventory:

Hand Weapons
 a - a +0 club of electrocution (weapon)
Missiles
 c - 43 stones
Armour
 b - a +0 robe (worn)
 e - a +2 hat (worn)
 f - a +0 pair of boots (worn)
Wands
 d - a wand of polymorph (11)
Scrolls
 g - 3 scrolls of teleportation
 i - 4 scrolls of identify {unknown}
 n - a scroll of fear {unknown}
 o - a scroll of magic mapping {unknown}
Potions
 h - a potion of heal wounds {unknown}
 j - a potion of resistance
 k - a potion of flight
 l - a potion of brilliance {unknown}
 m - a potion of might {unknown}
 p - a potion of curing {unknown}


   Skills:
 + Level 3.3 Fighting
 - Level 1.7 Dodging
 - Level 1.7 Stealth
 + Level 3.7 Spellcasting
 + Level 2.4 Conjurations
 - Level 0.8 Transmutations
 + Level 4.4 Earth Magic


You had 6 spell levels left.
You knew the following spells:

 Your Spells              Type           Power      Damage    Failure   Level
a - Sandblast             Erth           44%        2d11      1%          1
b - Passwall              Tmut/Erth      12%        N/A       6%          2
c - Stone Arrow           Conj/Erth      36%        3d9       9%          3

Your spell library contained the following spells:

 Spells                   Type           Power      Damage    Failure   Level
 Animate Skeleton         Necr           6%         N/A       12%         1
 Apportation              Tloc           6%         N/A       12%         1
 Summon Small Mammal      Summ           12%        N/A       12%         1
 Petrify                  Tmut/Erth      15%        N/A       38%         4


Dungeon Overview and Level Annotations

Branches:
Dungeon (5/15)             Temple (0/1) D:4

Annotations:
D:3 Sigmund


Innate Abilities, Weirdness & Mutations

You have an increased reservoir of magic. (+10% MP)
You shall have no god before yourself.
Your divine heritage dramatically boosts your attributes as you level up.


Message History

You struggle against the net.
The adder skeleton bites you but does no damage.
You struggle against the net.
The gnoll barely misses you. The adder skeleton bites you.
You struggle against the net.
The gnoll hits you with a +0 club. The adder skeleton barely misses you.
The black bear bites you. The black bear claws you.
The black bear barely misses you.
You shred the net and break free! The adder skeleton bites you.
The gnoll throws a throwing net.
The throwing net barely misses you. The black bear bites you.
The black bear claws you but does no damage.
The black bear claws you. The adder skeleton barely misses you.
You hit the gnoll.
The gnoll is lightly wounded.
The gnoll hits you with a +0 club. The black bear completely misses you.
The black bear claws you but does no damage.
The black bear claws you. The adder skeleton bites you.
The gnoll barely misses you. The gnoll hits you with a +0 whip.
The black bear bites you but does no damage.
The black bear claws you.
* * * LOW HITPOINT WARNING * * *
The black bear closely misses you. The adder skeleton bites you.
* * * LOW HITPOINT WARNING * * *
The gnoll hits you but does no damage.
You climb upwards.
There is a stone staircase leading down here.
The gnoll hits you with a +0 whip.
* * * LOW HITPOINT WARNING * * *
The gnoll hits you with a +0 club.
* * * LOW HITPOINT WARNING * * *
The gnoll throws a throwing net.
The throwing net barely misses you.
You see here a throwing net.
Unknown command.
It was a potion of flight.
You feel very buoyant.
You fly up into the air.
The black bear bites you.
* * * LOW HITPOINT WARNING * * *
The black bear barely misses you. The black bear claws you.
You die...

##.#####.........
#####.#..............
#....................
#.####.######.....)..
#.# #.# #........ #.#
#.# #.#.##### #.# #.#
#.#.# ###
#.####.######.#.# #..
#...@hg.....#.#.# #.#
######g####.#.#.# #.#
#.###....#.# #.#
#..........###..
#####...........
##.##.####.# #..#.#
#.# ##.#.# #.# #.#.#
#.#


You could see a black bear and 2 gnolls.

Vanquished Creatures
  A water moccasin (D:5)
  2 ogres (D:4)
  A necrophage (D:4)
  A hound (D:4)
  Robin (D:2)
  2 gnolls
  5 adders
  2 worms
  A dart slug (D:4)
  4 orcs (D:5)
  4 bats
  4 endoplasms
  A giant cockroach (D:2)
  16 goblins
  8 hobgoblins
  4 quokkas
  5 ball pythons
  A frilled lizard (D:3)
  A kobold (D:2)
  3 rats
67 creatures vanquished.

Notes
Turn   | Place    | Note
-------+----------+-------------------------------------------
     0 | D:1      | oldriver the Demigod Earth Elementalist began the quest for
                  | the Orb.
     0 | D:1      | Reached XP level 1. HP: 14/14 MP: 5/5
  1079 | D:2      | Noticed Robin
  1083 | D:1      | Reached XP level 2. HP: 22/22 MP: 5/7
  1176 | D:2      | Reached skill level 1 in Fighting
  1176 | D:2      | Reached skill level 3 in Earth Magic
  1603 | D:2      | Reached XP level 3. HP: 20/28 MP: 7/9
  2044 | D:2      | Killed Robin
  2792 | D:3      | Noticed Sigmund
  2891 | D:3      | Reached XP level 4. HP: 31/36 MP: 7/10
  2984 | D:3      | Learned a level 2 spell: Passwall
  3000 | D:3      | Learned a level 3 spell: Stone Arrow
  3353 | D:4      | Noticed a necrophage
  3394 | D:4      | Killed a necrophage
  3395 | D:4      | Reached skill level 1 in Conjurations
  3395 | D:4      | Reached XP level 5. HP: 42/42 MP: 7/12
  3437 | D:4      | Noticed an ogre
  3447 | D:4      | Killed an ogre
  3448 | D:4      | Reached skill level 4 in Earth Magic
  3648 | D:4      | Noticed an ogre
  3654 | D:4      | Killed an ogre
  3655 | D:4      | Reached XP level 6. HP: 21/50 MP: 7/14
  3875 | D:4      | Found a staircase to the Ecumenical Temple.
  4348 | D:5      | Entered Level 5 of the Dungeon
  4361 | D:5      | Noticed a water moccasin
  4366 | D:5      | Killed a water moccasin
  4780 | D:4      | HP: 2/51 [gnoll (5)]
  4782 | D:4      | Slain by a black bear

Illustrated notes

Levels and vault maps discovered:
D:1:      dpeg_arrival_signposts, layout_loops_ring
D:2:      layout_basic, nicolae_ecumenical_pavilion, nrook_campfire, uniq_robin
D:3:      minmay_goblin_kobold_castle, layout_loops_cross,
          chequers_hall_statues_y, kennysheep_cross_bottleneck, uniq_sigmund
D:4:      layout_loops_ring, minmay_temple_entry_enclosed_plants
D:5:      kennysheep_big_flooded_room, layout_rooms,
          worldfamousw_hep_ancestral_shrine, uniq_ijyb, uniq_duvessa

Skill      XL: |  1  2  3  4  5  6 |
---------------+-------------------+-----
Spellcasting   | 2 3 |  3.7
Fighting       | 1 2 3 |  3.3
Earth Magic    | 3 4 |  4.4
Conjurations   | 1 2 |  2.4
Dodging        | |  1.7
Stealth        | |  1.7
Transmutations | |  0.8

Action                   |  1- 3 |  4- 6 || total
-------------------------+-------+-------++-------
Melee: Club              |    67 |    39 ||   106
 Cast: Sandblast         |    45 |    45 ||    90
  Use: Potion            |     1 |     1 ||     2
       Scroll            |       |     2 ||     2
 Stab: Sleeping          |       |     1 ||     1
Armor: Robe              |    26 |    21 ||    47
Dodge: Dodged            |    57 |    55 ||   112

Table legend: (Time is in decaauts)
 A = Elapsed time spent in this place.
 B = Non-inter-level travel time spent in this place.
 C = Inter-level travel time spent in this place.
 D = Time resting spent in this place.
 E = Time spent auto-exploring this place.
 F = Levels seen in this place.
 G = Mean time per level.
                   A        B        C        D        E       F      G
               +--------+--------+--------+--------+--------+-----+--------+
         Total |   4818 |   4547 |    271 |   1171 |   2629 |   5 |  963.6 |
       Dungeon |   4818 |   4547 |    271 |   1171 |   2629 |   5 |  963.6 |
               +--------+--------+--------+--------+--------+-----+--------+

Top non-repeatable levels by time:
     D:2: 1366 daAuts
     D:1: 1360 daAuts
     D:4: 1160 daAuts
     D:3: 619 daAuts
     D:5: 312 daAuts
